 Dungeon Crawl Stone Soup version 0.27.1-33-g824d729ab1 (webtiles) character file.

Game seed: 9436158308563733617

20 Holzbalken the Poker (level 2, -3/22 HPs)
             Began as a Demonspawn Gladiator on Nov 29, 2021.
             Killed from afar by a white imp (11 damage)
             ... with a puff of frost
             ... summoned by Natasha
             ... on level 2 of the Dungeon.
             The game lasted 00:02:35 (767 turns).

Holzbalken the Poker (Demonspawn Gladiator)          Turns: 767, Time: 00:02:35

Health: -3/22      AC:  9    Str: 14    XL:     2   Next: 58%
Magic:  2/2        EV:  6    Int:  9    God:
Gold:   78         SH:  4    Dex: 14    Spells: 1/1 levels left

rFire    . . .     SeeInvis .   a - +0 trident
rCold    . . .     Faith    .   (no shield)
rNeg     . . .     Spirit   .   n - +0 chain mail
rPois    .         Reflect  .   c - +0 helmet
rElec    .         Harm     .   (no cloak)
rCorr    .         Rampage  .   (no gloves)
Will     .....                  (no boots)
Stlth    ..........             (no amulet)
HPRegen  0.07/turn              (no ring)
MPRegen  0.08/turn              (no ring)

@: no status effects
A: condensation shield
a: no special abilities


You were on level 2 of the Dungeon.
You visited 1 branch of the dungeon, and saw 2 of its levels.

You collected 78 gold pieces.

Inventory:

Hand Weapons
 a - a +0 trident (weapon)
Missiles
 d - 3 throwing nets (quivered)
Armour
 b - a +0 leather armour
 c - a +0 helmet (worn)
 n - a +0 chain mail (worn)
Scrolls
 i - a scroll of magic mapping {unknown}
 j - a scroll of identify {unknown}
 k - a scroll of teleportation {unknown}
Potions
 e - a potion of degeneration {unknown}
 f - a potion of curing
 g - a potion of lignification {unknown}
 h - a potion of brilliance {unknown}
 l - a potion of heal wounds {unknown}
 m - a potion of mutation {unknown}


   Skills:
 - Level 2.0 Fighting
 + Level 3.6 Polearms
 - Level 1.7 Throwing
 - Level 2.6 Dodging


You had one spell level left.
You didn't know any spells.
Your spell library contained the following spells:

 Spells                   Type           Power      Damage    Failure   Level
 Slow                     Hex            0%         N/A       100%        2
 Confusing Touch          Hex            0%         N/A       100%        3
 Yara's Violent Unravell  Hex/Tmut       0%         3d3       100%        5


Dungeon Overview and Level Annotations

Branches:
Dungeon (2/15)

Altars:

Annotations:
D:2 Natasha


Innate Abilities, Weirdness & Mutations

A meltable shield of frost defends you. (SH +4)


Message History

Found a faded altar of an unknown god.
You see here 11 gold pieces.
You now have 78 gold pieces (gained 11).
A hobgoblin comes into view.
The hobgoblin shouts!
You hit the rat.
You kill the rat!
You see here a rat corpse.
You puncture the hobgoblin!
You kill the hobgoblin!
Natasha barely misses you.
You see here a hobgoblin corpse.
You hit Natasha but do no damage. Natasha claws you but does no damage.
You barely miss Natasha.
Natasha stares at you and mumbles some strange words.
The magic dart hits you.
Your chain mail prevents you from hitting Natasha.
Natasha barely misses you.
You hit Natasha.
Natasha is heavily wounded.
Natasha casts a spell.
You closely miss Natasha.
Natasha is heavily wounded.
Natasha claws you but does no damage.
You puncture Natasha!
Natasha is almost dead.
Natasha drinks a potion.
Natasha is healed!
You hit Natasha.
Natasha is heavily wounded.
Natasha casts a spell.
The crimson imp blinks!
You closely miss Natasha.
Natasha is heavily wounded.
Natasha claws you. Natasha claws you!
You closely miss Natasha.
Natasha is heavily wounded.
Natasha casts a spell.
The white imp gestures at you. The puff of frost hits you!
Ouch! That really hurt!
You die...

h. .. #### .# ..#
.# # #####.###.#
#.#.#.#.#.#.##
.........<..#
#.#.#$#5#.#.#.#####
.......@h55....._..
#.#.#.#.#.#.#.#####
# ####.#### ..#
####


You could see Natasha, a crimson imp (summoned) and 2 white imps.

Vanquished Creatures
  An endoplasm (D:1)
  2 hobgoblins
  A quokka (D:1)
  2 ball pythons (D:1)
  4 bats (D:1)
  5 frilled lizards (D:1)
  5 kobolds (D:1)
  A rat (D:2)
21 creatures vanquished.

Notes
Turn   | Place    | Note
-------+----------+-------------------------------------------
     0 | D:1      | Holzbalken the Demonspawn Gladiator began the quest for the
                  | Orb.
     0 | D:1      | Reached XP level 1. HP: 16/16 MP: 1/1
   122 | D:1      | Reached skill level 3 in Polearms
   197 | D:1      | Gained mutation: A meltable shield of frost defends you.
                  | (SH +4) [demonic ancestry]
   197 | D:1      | Reached XP level 2. HP: 9/22 MP: 2/2
   749 | D:2      | Noticed Natasha
   750 | D:2      | Found a faded altar of an unknown god.
   763 | D:2      | Noticed a crimson imp
   767 | D:2      | Killed from afar by a white imp

Illustrated notes

Levels and vault maps discovered:
D:1:      eino_arrival_water_star, layout_basic
D:2:      minmay_chambers_of_ones, layout_basic, basic_ecumenical_altar,
          minmay_misc_feat_columns, minmay_strange_pillars, st_stairs_13,
          small_statue_intersection, minmay_cut_off, uniq_natasha

Skill      XL: |  1 |
---------------+----+-----
Polearms       | 3 |  3.6
Fighting       | |  2.0
Throwing       | |  1.7
Dodging        | |  2.6

Action                   || total
-------------------------++-------
Melee: Trident           ||    76
Armor: Leather armour    ||    12
       Chain mail        ||    19
Dodge: Dodged            ||    26
Block: Other             ||     3
